 Dungeon Crawl Stone Soup version 0.29.1-1-gd02db6906a (webtiles) character file.

Game seed: 5892243287891834112

91 gzilladon the Chopper (level 4, -2/40 HPs)
             Began as a Hill Orc Monk on Sept 27, 2022.
             Slain by a scorpion (5 damage)
             ... on level 3 of the Dungeon.
             The game lasted 00:07:37 (2745 turns).

gzilladon the Chopper (Hill Orc Monk)               Turns: 2745, Time: 00:07:38

Health: -2/40      AC: 12    Str: 19    XL:     4   Next: 59%
Magic:  4/4        EV: 11    Int: 10    God:
Gold:   126        SH:  0    Dex: 16    Spells: 3/3 levels left

rFire   . . .      SeeInvis .   a - +0 hand axe
rCold   . . .      Faith    .   (no shield)
rNeg    . . .      Spirit   .   p - +7 ring mail of Ignis's Vengeance {Str+4 Dex+3}
rPois   .          Reflect  .   (no helmet)
rElec   .          Harm     .   (no cloak)
rCorr   .          Rampage  .   (no gloves)
Will    .....                   (no boots)
Stlth   +.........              (no amulet)
HPRegen 0.13/turn               (no ring)
MPRegen 0.09/turn               (no ring)

@: lethally poisoned (-2 -> -4)
A: no striking features
a: no special abilities


You were on level 3 of the Dungeon.
You visited 1 branch of the dungeon, and saw 4 of its levels.

You collected 126 gold pieces.

Inventory:

Hand Weapons
 a - a +0 hand axe (weapon)
Missiles
 g - 13 stones (quivered)
Armour
 b - a +0 robe
 f - a +0 scale mail
 h - a +0 chain mail
 p - the +7 ring mail of Ignis's Vengeance (worn) {Str+4 Dex+3}
   (You found it on level 3 of the Dungeon)

   Str:       It affects your strength (+4).
   Dex:       It affects your dexterity (+3).
Scrolls
 d - a scroll of blinking {unknown}
 i - 2 scrolls of fog {unknown}
 j - a scroll of magic mapping {unknown}
 k - a scroll of summoning {unknown}
 n - 2 scrolls of torment {unknown}
 o - a scroll of identify {unknown}
Potions
 c - a potion of ambrosia
 e - a potion of heal wounds {unknown}
 l - a potion of curing {unknown}
 m - a potion of haste {unknown}
 q - a potion of invisibility {unknown}


   Skills:
 + Level 4.1 Fighting
 * Level 5.8 Axes
 + Level 1.8 Armour
 + Level 2.5 Dodging
 - Level 1.5 Stealth


You had 3 spell levels left.
You didn't know any spells.
Your spell library was empty.

Dungeon Overview and Level Annotations

Branches:
Dungeon (4/15)
 Temple: D:4-7

Altars:


Message History

There is a stone staircase leading up here.
You feel sick.
The scorpion stings you but does no damage.
You climb upwards.
You feel very sick.
There is a stone staircase leading down here.
You feel sick. The scorpion barely misses you.
You feel sick. The scorpion attacks as you move away!
The scorpion barely misses you.
You feel sick.
You feel sick. The scorpion closely misses you.
The scorpion attacks as you move away!
The scorpion stings you but does no damage.
You feel sick. The scorpion attacks as you move away!
The scorpion barely misses you.
You feel sick.
You are no longer poisoned.
The scorpion attacks as you move away! The scorpion stings you.
You are poisoned.
The scorpion poisons you!
* * * LOW HITPOINT WARNING * * *
You feel very sick.
* * * LOW HITPOINT WARNING * * *
You feel sick.
The scorpion stings you but does no damage.
* * * LOW HITPOINT WARNING * * *
You feel sick.
* * * LOW HITPOINT WARNING * * *
You feel sick.
* * * LOW HITPOINT WARNING * * *
You feel sick. The scorpion attacks as you move away!
The scorpion stings you but does no damage.
* * * LOW HITPOINT WARNING * * *
You feel sick. The scorpion attacks as you move away!
The scorpion stings you but does no damage.
* * * LOW HITPOINT WARNING * * *
You feel sick. The scorpion stings you.
You die...

.. #.#.##..# .$
#.#.....# ....
..####.#..##.# ....
....##...###.# .....
.......#.# #.# .....
....##.#.###.# ......
...........#.#####......
##.####.................
#>............s@.......
#######.................
........................
#######.............####
#.............#
#.............#
#.............#
#.............#
#.............


You could see a scorpion.

Vanquished Creatures
  3 adders
  2 worms (D:2)
  2 dart slugs
  7 ball pythons
  7 endoplasms
  3 giant cockroaches
  4 goblins (D:1)
  2 hobgoblins
  3 kobolds
  7 quokkas
  4 bats
  A frilled lizard (D:1)
  6 rats
51 creatures vanquished.

Notes
Turn   | Place    | Note
-------+----------+-------------------------------------------
     0 | D:1      | gzilladon the Hill Orc Monk began the quest for the Orb.
     0 | D:1      | Reached XP level 1. HP: 19/19 MP: 1/1
    68 | D:1      | Reached XP level 2. HP: 16/27 MP: 2/2
   684 | D:1      | Reached XP level 3. HP: 23/33 MP: 3/3
   843 | D:1      | Reached skill level 5 in Axes
  1025 | D:1      | You fall into a shaft and drop 1 floor!
  1966 | D:2      | Reached XP level 4. HP: 31/40 MP: 4/4
  2303 | D:3      | Reached skill level 1 in Armour
  2583 | D:3      | Identified the +7 ring mail of Ignis's Vengeance {Str+4
                  | Dex+3}
  2694 | D:3      | Noticed a scorpion
  2745 | D:3      | Slain by a scorpion

Illustrated notes

Levels and vault maps discovered:
D:1:      lightli_molten_gateway, layout_basic, dreamdust_wishing_well,
          minmay_pentomino_x2
D:2:      layout_basic
D:3:      layout_basic, uniq_crazy_yiuf_cottage, uniq_jessica
D:4:      layout_basic, kennysheep_little_box, uniq_duvessa

Skill      XL: |  1  2  3  4 |
---------------+-------------+-----
Fighting       | 4 |  4.1
Axes           | 5 |  5.8
Armour         | 1 |  1.8
Dodging        | |  2.5
Stealth        | |  1.5

Action                   |  1- 3 |  4- 6 || total
-------------------------+-------+-------++-------
Melee: Hand axe          |   123 |    37 ||   160
       Punch             |     1 |       ||     1
Armor: Robe              |     3 |       ||     3
       Chain mail        |    50 |    24 ||    74
       Scale mail        |    12 |       ||    12
       Ring mail         |       |    12 ||    12
Dodge: Dodged            |    56 |    32 ||    88
